 Dungeon Crawl Stone Soup version 0.20-a0-738-gb057e68 (webtiles) character file.

31 nono the Vexing (level 3, 0/17 HPs)
             Began as a Vine Stalker Arcane Marksman on Feb 23, 2017.
             Succumbed to an adder's poison
             ... on level 2 of the Dungeon.
             The game lasted 00:03:30 (1267 turns).

nono the Vexing (Vine Stalker Arcane Marksman)      Turns: 1267, Time: 00:03:31

Health: 0/17       AC:  5    Str: 13    XL:     3   Next: 22%
Magic:  2/5        EV: 13    Int: 13    God:
Gold:   56         SH:  8    Dex: 19    Spells: 3/4 levels left

rFire    . . .     SeeInvis .   m - +0 dagger
rCold    . . .     Gourm    .   i - +0 ring mail
rNeg     . . .     Faith    .   q - +0 shield
rPois    .         Spirit   +   (no helmet)
rElec    .         Reflect  .   (no cloak)
rCorr    .         Harm     .   (no gloves)
MR       .....                  (no boots)
Stlth    +++.......             (no amulet)
Regen    0.1/turn               (no ring)
MPRegen  0.1/turn               (no ring)

@: agile, lethally poisoned (0 -> -5)
A: fangs 2, magic shield, antimagic bite, no potion heal 3, rot immunity
a: no special abilities


You were on level 2 of the Dungeon.
You were not hungry.

You visited 1 branch of the dungeon, and saw 2 of its levels.

You collected 56 gold pieces.

Inventory:

Hand Weapons
 e - a +0 club
 g - a +0 mace
 m - a +0 dagger (weapon)
Missiles
 c - 4 javelins
 j - 96 stones (quivered)
Armour
 a - a +0 robe
 i - a +0 ring mail (worn)
 q - a +0 shield (worn)
Jewellery
 t - an uncursed amulet of magic regeneration {unknown}
Scrolls
 k - a scroll of enchant armour
 l - a scroll of remove curse
 r - a scroll of identify
Potions
 s - a potion of mutation {unknown}
 u - a potion of invisibility {unknown}
Books
 b - a book of Debilitation

   Spells                             Type                      Level
   a - Corona                         Hexes                        1
   b - Slow                           Hexes                        2
   c - Inner Flame                    Hexes/Fire                   3
   d - Portal Projectile              Hexes/Translocation          3
   e - Cause Fear                     Hexes                        4
   f - Leda's Liquefaction            Hexes/Earth                  4
Comestibles
 f - a bread ration
 o - a meat ration


   Skills:
 - Level 0.8 Fighting
 + Level 0.6 Short Blades
 - Level 1.7 Throwing
 - Level 1.5 Dodging
 - Level 2.5 Stealth
 + Level 1.1 Shields
 - Level 1.1 Spellcasting
 - Level 3.0 Hexes


You had 3 spell levels left.
You knew the following spells:

 Your Spells              Type           Power        Failure   Level  Hunger
a - Corona                Hex            #......      93%         1    ##.....


Dungeon Overview and Level Annotations

Branches:
Dungeon (2/15)

Altars:


Innate Abilities, Weirdness & Mutations

You have extremely sharp teeth.
When hurt, damage is shared between your health and your magic reserves.
Your bite disrupts and absorbs the magic of your enemies.
Potions cannot restore your health.
You are immune to rotting.


Message History

The adder bites you but does no damage.
Okay, then.
What are your orders? t - Shout!
Orders for allies: a - Attack new target. p - Attack previous target. r - Retreat! s - Stop attacking. g - Guard the area. f - Follow me.
Anything else - Cancel.
Okay, then.
Okay, then.
It was a potion of agility.
You feel agile all of a sudden. The adder closely misses you.
The adder bites you but does no damage. The adder bites you.
* * * LOW HITPOINT WARNING * * *
You are lethally poisoned!
The adder poisons you!
* * * LOW HITPOINT WARNING * * *
You feel sick.
You die...

...#..... .
#.##.#.#########....
#.......§§§§§§§....(
..#####.##.##§§#####....
............#§§# .
.#####.##..#.§#
#.#...#S.# #.#####..#
..#####....@.S.#
........#####..#
........# #..# #.......#
##.# #......)# #.#
#######+### #########
#.###.........#
##..##.........#
#..............#
#.###.###......#


You could see an adder.

Vanquished Creatures
  An adder (D:2)
  A worm (D:2)
  2 bats (D:1)
  A giant cockroach (D:1)
  5 goblins
  A hobgoblin (D:2)
  3 frilled lizards
  6 kobolds
  A rat (D:1)
21 creatures vanquished.

Notes
Turn   | Place    | Note
-------+----------+-------------------------------------------
     0 | D:1      | nono the Vine Stalker Arcane Marksman began the quest for the Orb.
     0 | D:1      | Reached XP level 1. HP: 9/9 MP: 3/3
    66 | D:1      | Reached skill level 1 in Stealth
   274 | D:1      | Reached XP level 2. HP: 14/14 MP: 4/4
  1126 | D:2      | Reached skill level 1 in Shields
  1126 | D:2      | Reached XP level 3. HP: 15/17 MP: 5/5
  1267 | D:2      | Succumbed to an adder's poison

Vault maps used:
D:1:      tarquinn_simple_flora_water_e
D:2:      old_standard_altar, st_stairs_3, minmay_misc_feat_roman

Skill      XL: |  1  2 |
---------------+-------+-----
Stealth        | 2 |  2.5
Shields        | 1 |  1.1
Fighting       | |  0.8
Short Blades   | |  0.6
Throwing       | |  1.7
Dodging        | |  1.5
Spellcasting   | |  1.1
Hexes          | |  3.0

Action                   || total
-------------------------++-------
Melee: Mace              ||    14
       Bite              ||    19
       Dagger            ||    64
Throw: Javelin           ||     3
       Stone             ||     8
       Throwing net      ||     2
  Use: Scroll            ||     3
       Potion            ||     2
 Stab: Sleeping          ||     2
  Eat: Chunk             ||     1
Armor: Ring mail         ||    26
       Robe              ||     3
Dodge: Dodged            ||    30
Block: Shield            ||    24
